 Dungeon Crawl Stone Soup version 0.23-a0-712-g3a644c0 (webtiles) character file.

6916 galech the Cleaver (level 10, -1/114 HPs)
             Began as a Demonspawn Fighter on Jan 15, 2019.
             Was an Elder of Okawaru.
             Succumbed to a worker ant's poison
             ... on level 8 of the Dungeon.
             The game lasted 00:13:35 (9296 turns).

galech the Cleaver (Demonspawn Fighter)             Turns: 9296, Time: 00:13:36

Health: -1/114     AC: 25    Str: 22    XL:     10   Next: 79%
Magic:  1/10       EV:  2    Int:  9    God:    Okawaru [****..]
Gold:   426        SH: 17    Dex: 21    Spells: 9/9 levels left

rFire    . . .     SeeInvis +   t - +2 hand axe (freeze)
rCold    . . .     Gourm    .   y - +0 large shield
rNeg     + + +     Faith    .   (armour currently unavailable)
rPois    +         Spirit   +   (helmet currently unavailable)
rElec    .         Reflect  .   (cloak currently unavailable)
rCorr    +         Harm     .   (gloves currently unavailable)
MR       .....     NoTele   +   (boots currently unavailable)
Stlth    +++.......             u - amulet of the acrobat
HPRegen  0.29/turn              j - ring of see invisible
MPRegen  0.12/turn              E - ring of resist corrosion

@: mighty, agile, lethally poisoned (-1 -> -17), tree-form, hasted and slowed
A: repulsion field 1, powered by pain 2, magic shield
a: Heroism, Renounce Religion


You were on level 8 of the Dungeon.
You worshipped Okawaru.
Okawaru was greatly pleased with you.
You were not hungry.
You were a tree.
You visited 2 branches of the dungeon, and saw 9 of its levels.
You also visited: Bailey.

You collected 426 gold pieces.

Inventory:

Hand Weapons
 a - a +0 war axe
 t - a +2 hand axe of freezing (weapon)
Armour
 c - a +0 shield
 s - a +0 plate armour
 y - a +0 large shield (worn)
 z - a +3 chain mail (melded)
Jewellery
 b - an uncursed amulet of magic regeneration
 j - a ring of see invisible (left branch)
 u - an amulet of the acrobat (around neck)
 v - an uncursed ring of protection from cold
 E - a ring of resist corrosion (right branch)
Wands
 d - a wand of iceblast (5)
Scrolls
 e - 2 scrolls of acquirement {unknown}
 g - a scroll of random uselessness
 k - 5 scrolls of remove curse
 l - 4 scrolls of amnesia
 m - 6 scrolls of teleportation
 p - a scroll of enchant weapon
 w - 2 scrolls of noise
 x - a scroll of silence
 A - 2 scrolls of identify
 B - a scroll of blinking {unknown}
 D - a scroll of enchant armour {unknown}
Potions
 i - a potion of lignification
 r - a potion of experience {unknown}
Comestibles
 f - 14 rations


   Skills:
 + Level 6.0 Fighting
 + Level 9.8 Axes
 + Level 7.7 Armour
 + Level 2.3 Dodging
 + Level 1.3 Stealth
 + Level 8.0 Shields
 + Level 1.1 Invocations


You had 9 spell levels left.
You didn't know any spells.
Your spell library contained the following spells:

 Spells                   Type           Power        Failure   Level  Hunger
 Animate Skeleton         Necr           N/A          98%         1    ##.....
 Pain                     Necr           #...         98%         1    ##.....
 Summon Small Mammal      Summ           #...         98%         1    ##.....
 Call Imp                 Summ           #.......     99%         2    ###....
 Call Canine Familiar     Summ           #.......     100%        3    ####...
 Regeneration             Chrm/Necr      #.........   100%        3    ####...
 Summon Guardian Golem    Hex/Summ       #.......     100%        3    ####...
 Vampiric Draining        Necr           #.........   100%        3    ####...
 Animate Dead             Necr           N/A          100%        4    #####..
 Summon Ice Beast         Ice/Summ       #.......     100%        4    #####..
 Summon Lightning Spire   Summ/Air       #.......     100%        4    #####..


Dungeon Overview and Level Annotations

Branches:
Dungeon (8/15)             Temple (1/1) D:4
   Lair: D:8-11

Altars:
Ashenzari
Cheibriados
Dithmenos
Fedhas
Gozag
Hepliaklqana
Makhleb
Nemelex Xobeh
Okawaru
Qazlal
Ru
Sif Muna
Trog
Uskayaw
Vehumet
Wu Jian
Xom
Yredelemnul
Zin
The Shining One

Annotations:
D:5 3 runed doors, Lanoc's ghost, amateur OgMo
D:6 2 runed doors, Ratty's ghost, novice MiMo


Innate Abilities, Weirdness & Mutations

((You have hoof-like feet.))
You are surrounded by a mild repulsion field. (EV +2)
You sometimes gain power by taking damage.
When hurt, damage is shared between your health and your magic reserves.


Message History

You turn into a tree.
Your +3 chain mail melds into your body.
Your roots penetrate the ground.
* * * LOW HITPOINT WARNING * * *
You feel very sick. The worker ant completely misses you.
The orc wizard hits you but does no damage.
The worker ant bites you but does no damage.
The orc wizard casts a spell at you. The puff of flame hits you!
* * * LOW HITPOINT WARNING * * *
You cannot move. (Use ctrl+direction or * direction to attack without moving.)
You cannot move. (Use ctrl+direction or * direction to attack without moving.)
You cannot move. (Use ctrl+direction or * direction to attack without moving.) Unknown command.
You cannot move. (Use ctrl+direction or * direction to attack without moving.)
You cannot move. (Use ctrl+direction or * direction to attack without moving.) It was a potion of haste.
You feel yourself speed up.
You feel less confused.
You die...

,* *,***,,,,,,,,,,,,,,,,,,,,,#÷<
,* *,,,,,,,,,...,,,,....,,,,,#.#
,* *****,****#.#*,##.......,*#.#
,* *,* #.#*..........#*#.# ,* *,*
#.#*#.≈≈≈≈≈≈≈.###.# ,* *,*
#.###.≈#####≈.#.... ,****** *,*
#.....≈#...#≈.#....
,**,,,**#.#####a##).≈#.∩.#≈......
,,,,*,,,......lo♣)..≈#...#≈.#....
,*,,,,**####..####..≈##.##≈......
,,,*,** #.,* #..≈≈≈≈[≈≈.###.#
,*,*,* #,,* #.....[)...# #.#
,,,*,* *,,* #....####### #.#
,*,*,* *,,* ###### #.# ,,,*,*
*,,* #.# ,*,*,* *,,* *.. ,,,*,*
*,,* ***


You could see an iguana, a worker ant and an orc wizard (invisible).

Vanquished Creatures
  An orc warlord (Bailey)
  Erica (D:8)
  Harold (D:8)
  Joseph (D:7)
  A hippogriff (D:7)
  Duvessa (D:4)
  3 sky beasts
  4 ogres
  6 orc warriors
  3 phantoms
  2 black bears (D:7)
  5 centaurs
  2 big kobolds (D:7)
  2 bullfrogs (D:8)
  Dowan (D:4)
  2 scorpions
  3 wights
  2 crimson imps
  A bullfrog zombie (D:7)
  A centaur skeleton (D:4)
  A jelly (D:6)
  A bullfrog skeleton (D:5)
  7 hounds
  7 orc priests
  4 orc wizards
  Crazy Yiuf (D:7)
  An iguana (D:5)
  6 worker ants
  A hound zombie (D:5)
  A hound skeleton (D:8)
  A gnoll (Bailey)
  7 adders
  A shadow imp (D:7)
  An ooze (D:5)
  3 adder skeletons
  An adder zombie (D:7)
  2 worms (D:2)
  A dart slug (D:1)
  2 leopard geckos
  39 orcs
  2 giant cockroaches (D:1)
  15 goblins
  10 hobgoblins
  14 jackals
  28 kobolds
  5 quokkas
  A ball python (D:2)
  5 bats
  5 frilled lizards
  4 rats
  A spectral orc (D:3)
221 creatures vanquished.

Vanquished Creatures (others)
  An orc (D:8)
1 creature vanquished.

Grand Total: 222 creatures vanquished

Notes
Turn   | Place    | Note
-------+----------+-------------------------------------------
     0 | D:1      | galech the Demonspawn Fighter began the quest for the Orb.
     0 | D:1      | Reached XP level 1. HP: 18/18 MP: 1/1
   126 | D:1      | Gained mutation: You have large cloven feet. [demonic
                  | ancestry]
   126 | D:1      | Reached XP level 2. HP: 9/24 MP: 2/2
   340 | D:1      | Reached skill level 2 in Axes
   753 | D:2      | Gained mutation: You sometimes gain a little power by
                  | taking damage. [demonic ancestry]
   753 | D:2      | Reached XP level 3. HP: 25/29 MP: 3/3
  1404 | D:2      | Found a glowing silver altar of Zin.
  1404 | D:2      | Found an opulent altar of Gozag.
  1548 | D:2      | Reached XP level 4. HP: 30/35 MP: 4/4
  1814 | D:3      | Found a deep blue altar of Sif Muna.
  1814 | D:3      | Found a snail-covered altar of Cheibriados.
  1904 | D:3      | Found a sparkling altar of Nemelex Xobeh.
  2072 | D:3      | Reached skill level 3 in Axes
  2209 | D:3      | Found an ornate altar of the Wu Jian Council.
  2232 | D:3      | Gained mutation: You are surrounded by a mild repulsion
                  | field. (EV +2) [demonic ancestry]
  2232 | D:3      | Reached XP level 5. HP: 39/41 MP: 5/5
  2345 | D:3      | Reached skill level 1 in Dodging
  2904 | D:3      | Found a basalt altar of Yredelemnul.
  2999 | D:4      | Gained mutation: You sometimes gain power by taking damage.
                  | [demonic ancestry]
  2999 | D:4      | Reached XP level 6. HP: 47/47 MP: 6/6
  3018 | D:4      | Reached skill level 4 in Axes
  3574 | D:4      | Found a staircase to the Ecumenical Temple.
  3584 | Temple   | Entered the Ecumenical Temple
  3837 | D:4      | Noticed Duvessa
  3837 | D:4      | Noticed Dowan
  3846 | D:4      | Killed Duvessa
  3846 | D:4      | Reached XP level 7. HP: 36/53 MP: 7/7
  3847 | D:4      | Killed Dowan
  4139 | D:4      | Reached skill level 5 in Axes
  4617 | D:5      | Entered Level 5 of the Dungeon
  4853 | D:5      | Reached skill level 5 in Armour
  4973 | D:5      | Gained mutation: You have hoof-like feet. [demonic
                  | ancestry]
  4973 | D:5      | Reached XP level 8. HP: 18/60 MP: 8/8
  5286 | D:5      | Identified the cursed +0 robe of the Big Bang {rC+ Int+7}
  5293 | D:5      | Reached skill level 6 in Axes
  5354 | D:5      | Found a runed gate.
  5354 | D:5      | Found a runed gate.
  5354 | D:5      | Found a runed gate.
  5360 | D:5      | Noticed Lanoc's ghost (amateur OgMo)
  5736 | D:6      | Found a glowing golden altar of the Shining One.
  5770 | D:6      | Found a runed door.
  5774 | D:6      | Noticed Ratty's ghost (novice MiMo)
  5994 | D:6      | Reached skill level 5 in Shields
  6230 | D:6      | Found a runed door.
  6321 | D:6      | Reached skill level 7 in Axes
  6524 | D:6      | Found a sacrificial altar of Ru.
  6699 | D:7      | Gained mutation: When hurt, damage is shared between your
                  | health and your magic reserves. [demonic ancestry]
  6699 | D:7      | Reached XP level 9. HP: 38/66 MP: 9/9
  6736 | D:7      | Reached skill level 1 in Stealth
  6934 | D:7      | Found an iron altar of Okawaru.
  6940 | D:7      | Became a worshipper of Warmaster Okawaru
  7004 | D:7      | Reached skill level 8 in Axes
  7012 | D:7      | Found a runed door.
  7360 | D:6      | Reached skill level 5 in Fighting
  7391 | D:7      | HP: 2/68 [orc warrior/+0 halberd (8)]
  7675 | D:7      | Noticed Joseph
  7694 | D:7      | Killed Joseph
  7694 | D:7      | Reached * piety under Okawaru
  8243 | D:7      | Noticed Crazy Yiuf
  8248 | D:7      | Killed Crazy Yiuf
  8364 | D:8      | Reached ** piety under Okawaru
  8368 | D:8      | Reached skill level 9 in Axes
  8389 | D:8      | Found a flagged portal.
  8404 | D:8      | Reached XP level 10. HP: 9/74 MP: 2/10
  8664 | Bailey   | Entered a bailey
  8669 | Bailey   | Noticed an orc warlord
  8742 | Bailey   | Found a runed gate.
  8742 | Bailey   | Found a runed gate.
  8742 | Bailey   | Found a runed gate.
  8964 | Bailey   | Killed an orc warlord
  8964 | Bailey   | Reached *** piety under Okawaru
  9243 | D:8      | Noticed Harold
  9258 | D:8      | Killed Harold
  9259 | D:8      | Noticed Erica
  9293 | D:8      | Killed Erica
  9293 | D:8      | Reached **** piety under Okawaru
  9293 | D:8      | Reached skill level 1 in Invocations
  9295 | D:8      | HP: 4/114 [poisoned by a worker ant]
  9295 | D:8      | HP: 1/114 [orc wizard/puff of flame (3)]
  9296 | D:8      | Succumbed to a worker ant's poison

Vault maps used:
D:1:      mainiacjoe_arrival_reflecting_pool
D:2:      grunt_temple_overflow_gold_and_silver, first_ration
D:3:      wander_river, yredelemnul_forgotten_temple_becter,
          nemelex_xobeh_ov_fountains_minmay, nicolae_overflow_crystal_walls,
          minitemple, glass_columns_c
D:4:      minmay_temple_entry_slanted, uniq_duvessa
D:5:      gammafunk_ghost_necromancy, corexii_corridor_pit, nicolae_sextant,
          chequers_arboretum
D:6:      nicolae_ru_path_of_blood, overflow_temple_1_default,
          ebering_ghost_sewer_f, hangedman_decor_lopped, due_unseen_surprise
D:7:      lemuel_round_altar, uniq_joseph, uniq_crazy_yiuf_cottage
D:8:      elyvilon_altar_5, enter_bailey_3, serial_shops, shop, basic_altar,
          uniq_erica, uniq_harold
Temple:   zaba_magenta_temple
Bailey:   bailey_axe_bossmonster_kennysheep, bailey

Skill      XL: |  1  2  3  4  5  6  7  8  9 10 |
---------------+-------------------------------+-----
Axes           | 2 3 4 5 7 9 |  9.8
Armour         | 3 4 5 7 |  7.7
Shields        | 3 4 5 6 8 |  8.0
Dodging        | 1 2 |  2.3
Fighting       | 4 5 6 |  6.0
Stealth        | 1 |  1.3
Invocations    | 1 |  1.1

Action                   |  1- 3 |  4- 6 |  7- 9 | 10-12 || total
-------------------------+-------+-------+-------+-------++-------
Melee: War axe           |   150 |   154 |    73 |       ||   377
       Kick              |    23 |    34 |   142 |    46 ||   245
       Hand axe          |       |       |   394 |   129 ||   523
Invok: Heroism           |       |       |       |     3 ||     3
  Use: Potion            |       |     2 |     1 |     6 ||     9
       Scroll            |       |       |    11 |       ||    11
 Stab: Distracted        |     1 |       |       |       ||     1
  Eat: Chunk             |     2 |     8 |    15 |     3 ||    28
Armor: Scale mail        |    73 |       |       |       ||    73
       Chain mail        |       |    13 |     9 |    40 ||    62
       Plate armour      |       |    66 |   210 |       ||   276
       Skin              |       |       |       |     2 ||     2
Dodge: Dodged            |    50 |    31 |   119 |    55 ||   255
Block: Shield            |    86 |    76 |   221 |       ||   383
       Large shield      |       |       |    30 |   121 ||   151

Table legend:
 A = Non-vault XP
 B = Vault XP
 C = Vault XP percentage of total XP
 D = Non-vault monster count
 E = Vault monster count
 F = Vault count percentage of total count
                 A         B        C        D         E       F
            +---------+---------+-------+---------+---------+-------
      Total |    5087 |    4793 |  48.5 |     189 |      32 |  14.5
            +---------+---------+-------+---------+---------+-------
        D:1 |      40 |       0 |   0.0 |      24 |       0 |   0.0
        D:2 |      61 |       0 |   0.0 |      24 |       0 |   0.0
        D:3 |     276 |       1 |   0.4 |      22 |       1 |   4.3
        D:4 |     569 |     227 |  28.5 |      26 |       2 |   7.1
        D:5 |     756 |       0 |   0.0 |      22 |       0 |   0.0
        D:6 |     635 |       0 |   0.0 |      15 |       0 |   0.0
        D:7 |    1929 |     489 |  20.2 |      42 |       2 |   4.5
        D:8 |     821 |    1885 |  69.7 |      14 |       6 |  30.0
     Bailey |       0 |    2191 | 100.0 |       0 |      21 | 100.0
            +---------+---------+-------+---------+---------+-------
